 Dungeon Crawl Stone Soup version 0.31-a0-1370-gf52a5a9 (webtiles) character file.

Game seed: 4085837237781303912

225555 sdynet the Tortoise (level 17, -3/160 HPs)
             Began as an Armataur Berserker on Dec 22, 2023.
             Was the Champion of Trog.
             Incinerated by a sun moth (14 damage)
             ... with a flurry of pyrophoric scales
             ... on level 4 of the Spider Nest on Dec 23, 2023.
             The game lasted 02:06:45 (13713 turns).

sdynet the Tortoise (Armataur Berserker)           Turns: 13713, Time: 02:06:46

Health: -3/160     AC: 40    Str: 30    XL:     17   Next: 71%
Magic:  0/17       EV: 13    Int:  8    God:    Trog [******]
Gold:   992        SH:  0    Dex: 10    Spells: 16/16 levels left

rFire   . . .        b - +6 battleaxe (drain)
rCold   . . .        (shield currently unavailable)
rNeg    + . .        y - +5 robe of Night {Dark Will+ SInv}
rPois   +            A - +2 helmet
rElec   .            l - +2 cloak
rCorr   +            k - +2 pair of gloves
SInv    +            j - +10 Black Knight's barding {ponderous, rPois rN+}
Will    ++...        H - amulet of guardian spirit
Stlth   +            B - +5 ring of evasion
HPRegen 5.01/turn    F - ring of resist corrosion
MPRegen 2.46/turn

%: guardian spirit, roll
@: on fire, spiked, on berserk cooldown, slowed, glowing, very slow
A: large, deformed body, tough skin 3, armoured tail, roll 2, hooves 1,
deterioration 1, noise suppression
}: 1/15 runes: barnacled
a: Renounce Religion, Berserk, Trog's Hand, Brothers in Arms


You were on level 4 of the Spider Nest.
You worshipped Trog.
Trog was exalted by your worship.
You visited 6 branches of the dungeon, and saw 31 of its levels.
You also visited: Ossuary, Bailey and Ice Cave.

You collected 3303 gold pieces.
You spent 2311 gold pieces at shops.

Inventory:

Hand Weapons
 a - the +8 trident of the Octopus King {venom, rElec rPois}
   (You found it on level 6 of the Dungeon)

   rElec:     It insulates you from electricity.
   rPois:     It protects you from poison
 b - a +6 battleaxe of draining (weapon)
 x - the +7 battleaxe of Revolt {heavy, Str+5}
   (Trog gifted it to you on level 3 of the Spider Nest)

   Str+5:     It affects your strength (+5).
 I - a +0 heavy broad axe
Missiles
 h - 10 javelins
 s - 4 throwing nets
 S - 4 darts of dispersal
 W - 4 boomerangs
 Z - 22 poisoned darts
Armour
 j - the +10 Black Knight's barding (worn) {ponderous, rPois rN+}
   (You bought it in a shop on level 2 of the Orcish Mines)

   rPois:     It protects you from poison rN+: It protects you from negative
   energy.
 k - a +2 pair of gloves (worn)
 l - a +2 cloak (worn)
 y - the +5 robe of Night (worn) {Dark Will+ SInv}
   (You bought it in a shop on level 2 of the Orcish Mines)

   Dark:      It shrouds the wearer in darkness, reducing the range at which
   they can see and be seen by others.
   Will+:     It increases your willpower.
   SInv:      It lets you see invisible.
 A - a +2 helmet (worn)
 K - the +1 plate armour of Edimnol {rElec rPois MP-9}
   (You found it on level 4 of the Shoals)

   rElec:     It insulates you from electricity.
   rPois:     It protects you from poison MP-9: It affects your magic capacity
   (-9).
 M - the +5 chain mail of the Bagpipe {Fly Dex+2}
   (You bought it in a shop on level 2 of the Orcish Mines)

   Dex+2:     It affects your dexterity (+2).
   Fly:       It grants you flight.
Jewellery
 B - a +5 ring of evasion (left hand)
 D - a ring of protection from fire
 F - a ring of resist corrosion (right hand)
 G - an amulet of the acrobat
 H - an amulet of guardian spirit (around neck)
 T - a ring of willpower
Wands
 E - a wand of acid (10)
 L - a wand of iceblast (27)
 O - a wand of flame (4)
 P - a wand of paralysis (17)
 X - a wand of mindburst (9) (quivered)
Scrolls
 d - 3 scrolls of teleportation {!r}
 e - a scroll of silence {!r}
 g - a scroll of fear {!r}
 i - 5 scrolls of immolation
 m - 2 scrolls of poison
 p - 5 scrolls of vulnerability
 q - 2 scrolls of revelation {!r}
 w - 3 scrolls of blinking
 N - a scroll of enchant armour
 Q - a scroll of enchant weapon
 R - 5 scrolls of fog {!r}
 U - a scroll of summoning {!r}
Potions
 c - 2 potions of invisibility {!q}
 f - 3 potions of heal wounds {!q}
 n - a potion of enlightenment {!q!q}
 o - a potion of berserk rage {!q}
 r - 4 potions of curing {!q}
 t - a potion of ambrosia {!q}
 u - 8 potions of attraction
 v - a potion of might {!q}
 z - 3 potions of lignification {!q}
 C - a potion of resistance {!q}
 J - a potion of cancellation {!q}
 Y - a potion of haste {!q}


   Skills:
 - Level 16.7 Fighting
 - Level 14.2 Axes
 - Level 1.0 Throwing
 + Level 20.5 Armour
 - Level 3.0 Dodging
 - Level 6.0 Stealth
 - Level 10.0 Evocations


You had 16 spell levels left.
You didn't know any spells.
Your spell library was empty.

Dungeon Overview and Level Annotations

Branches:
Dungeon (15/15)            Temple (1/1) D:5            Lair (5/5) D:8
 Shoals (4/4) Lair:2       Spider (4/4) Lair:3        Slime (0/5) Lair:5
    Orc (2/2) D:10            Elf (0/3) Orc:2        Vaults (0/5) D:14
 Depths (0/4) D:15        Ossuary (visited)          Bailey (visited)
  IceCv (visited)

Altars:
Ashenzari
Cheibriados
Dithmenos
Elyvilon
Fedhas
Gozag
Hepliaklqana
Kikubaaqudgha
Makhleb
Nemelex Xobeh
Okawaru
Qazlal
Ru
Trog
Uskayaw
Vehumet
Wu Jian
Yredelemnul
Zin
The Shining One
Jiyva

Shops:
D:3 =   D:5 [   D:8 *   D:13 (   Orc:2 [[(:?

Portals:
Abyss: Orc:2

Annotations:
D:4 Blork the orc
D:11 1 runed translucent door, rotlqkf's ghost, journeyman TrMo
Lair:2 exclusion: door
Orc:2 2 transporters, wqsa789's ghost, journeyman DsFi


Innate Abilities, Weirdness & Mutations

Armour fits poorly on your strangely shaped body.
You have extremely tough skin. (AC +3)
You have a long armoured tail.
You regenerate magic and health when rolling toward enemies. (Rampage Regen)
You have large cloven feet.
Your body sometimes deteriorates upon taking damage.
You passively dampen the noise of your surroundings.


Message History

Barbed spikes become lodged in your body.
The jumping spider leaps! x2; The sun moth bites you!
* * * LOW HITPOINT WARNING * * *
The wolf spider barely misses you. x2; The jumping spider leaps!
The steelbarb worm hits you but does no damage.
The sun moth bites you but does no damage.
The jumping spider leaps!
The wolf spider closely misses you.
The wolf spider bites you but does no damage.
The jumping spider leaps!
You roll towards the jumping spider!
The barbed spikes dig painfully into your body as you move.
* * * LOW HITPOINT WARNING * * *
You shake off some of the fire as you move.
The barbed spikes dig painfully into your body as you move.
* * * LOW HITPOINT WARNING * * *
You shake off the liquid fire.
The jumping spider pounces on you.
* * * LOW HITPOINT WARNING * * *
The jumping spider completely misses you.
The wolf spider attacks as it pursues you!
The wolf spider misses you.
The wolf spider bites you but does no damage.
The steelbarb worm closely misses you. The sun moth bites you!
* * * LOW HITPOINT WARNING * * *
The jumping spider pounces on you but does no damage.
The jumping spider barely misses you. The wolf spider hits you!
* * * LOW HITPOINT WARNING * * *
The wolf spider bites you but does no damage.
The steelbarb worm hits you.
* * * LOW HITPOINT WARNING * * *
Barbed spikes become lodged in your body.
The sun moth's wings beat fiercely.
The flurry of pyrophoric scales hits you.
You are covered in intense liquid fire!
Blink to where?
Press: ? - help, Dir - move target
Found a wand of acid (5).
As you read the scroll of blinking, it crumbles to dust.
The liquid fire burns you!
You die...

...^.......^...
..^.............
....wsy.........#
..........§..........#
^.......s.s..........#
../.^...............#
#....s..........)..#
#..................#
#.@...............#
##................#
##.......^.......#
...."..........#
...............# #≈≈..
~.... .........# ≈≈...
... .........#
^...####..≈.
^........#
#~.^^#^.....
..........#


You could see 3 jumping spiders.

Vanquished Creatures
  Rupert (D:15)
  A kraken (Shoals:3)
  Polyphemus (Shoals:3)
  Kirke (D:12)
  An emperor scorpion (Spider:4)
  2 ghost moths
  A stone giant (D:15)
  Snorg (D:12)
  12 merfolk impalers
  A merfolk javelineer (Shoals:4)
  An ettin (Orc:2)
  An entropy weaver (Spider:1)
  Fannar (D:12)
  Erolcha (D:13)
  A death knight (D:15)
  2 hydras (Lair:5)
  3 boulder beetles
  3 merfolk avatars
  4 ogre magi (Orc:2)
  2 dancing weapons (D:14)
  4 merfolk aquamancers (Shoals:4)
  14 two-headed ogres
  A satyr (Shoals:3)
  2 death yaks
  A centaur warrior (D:15)
  3 tengu warriors
  A demonic crawler (Spider:2)
  An occultist (D:15)
  6 skysharks
  A pharaoh ant (Spider:4)
  A skeletal warrior (D:15)
  4 orb spiders
  9 sea snakes
  A steelbarb worm (Spider:4)
  2 orc knights
  A deep elf pyromancer (D:13)
  Pikel (D:8)
  30 harpies
  2 lindwurms
  An orc sorcerer (Orc:1)
  A necromancer (D:15)
  9 wolf spiders
  An ugly thing (D:13)
  10 cyclopes
  6 fauns
  14 manticores
  6 water nymphs
  10 merfolk sirens
  A torpor snail (Lair:2)
  9 elephants (Lair:5)
  A kobold blastminer (Orc:1)
  7 black mambas
  A gargoyle (D:10)
  Maggie (D:8)
  5 cane toads
  10 komodo dragons
  3 kobold demonologists
  A freezing wraith (D:15)
  Jeremiah (D:8)
  2 tengu conjurers
  3 rime drakes
  6 trolls
  21 merfolk
  9 meliai
  Grinder (D:6)
  7 tarantellas
  9 polar bears
  5 wind drakes
  A wolf spider simulacrum (D:15)
  6 blink frogs
  16 dream sheep
  7 hornets (Lair:5)
  7 snapping turtles
  2 shadows (D:10)
  9 jumping spiders
  17 slime creatures
  A centaur simulacrum (D:15)
  5 culicivoras
  12 spriggans
  10 water elementals
  A vampire (D:11)
  4 wyverns
  3 wraiths
  29 yaks
  3 steam dragons
  4 basilisks
  3 wargs (Orc:2)
  19 redbacks
  Menkaure (D:5)
  A vampire mosquito (D:11)
  An acid dragon (D:11)
  30 water moccasins
  20 orc warriors
  5 black bears
  An ice beast (D:7)
  29 ogres
  36 wolves
  4 boggarts (Lair:5)
  A phantom (D:7)
  A kobold brigand (D:11)
  7 bullfrogs
  2 scorpions
  8 wights
  6 killer bees (D:9)
  6 electric eels
  8 howler monkeys
  2 centaur zombies (Ossuary)
  3 hounds
  2 jellies
  8 orc priests
  A human zombie (Ossuary)
  Terence (D:3)
  A hell rat (Lair:2)
  15 orc wizards
  4 mummies
  5 gnolls
  21 adders
  A shadow imp (D:6)
  A bombardier beetle (D:7)
  2 white imps
  3 ufetubi
  50 orcs
  A ball python (D:1)
  5 bats
  4 endoplasms
  3 giant cockroaches
  12 goblins
  10 hobgoblins
  2 frilled lizards
  2 goblin zombies (Ossuary)
  A hobgoblin zombie (Ossuary)
  6 kobolds
  2 kobold zombies (Ossuary)
  2 rats (D:2)
  A butterfly (Lair:2)
  3 tentacles (Shoals:3)
787 creatures vanquished.

Vanquished Creatures (collateral kills)
  A catoblepas (Shoals:3)
  A death yak (Shoals:3)
  2 elephants (Lair:5)
  3 yaks (Lair:5)
7 creatures vanquished.

Vanquished Creatures (others)
  A merfolk aquamancer (Shoals:1)
  A tengu conjurer (D:14)
  A yak (D:9)
  An adder (Lair:2)
  6 tentacles (Shoals:3)
10 creatures vanquished.

Grand Total: 804 creatures vanquished

Notes
Turn   | Place    | Note
-------+----------+-------------------------------------------
     0 | D:1      | sdynet the Armataur Berserker began the quest for the Orb.
     0 | D:1      | Reached XP level 1. HP: 18/18 MP: 1/1
   104 | D:1      | Reached XP level 2. HP: 26/26 MP: 2/2
   437 | D:2      | Reached XP level 3. HP: 30/33 MP: 3/3
   465 | D:3      | Found Viosoref's Jewellery Shoppe.
   800 | D:3      | Noticed Terence
   804 | D:3      | Killed Terence
   805 | D:3      | Reached XP level 4. HP: 38/41 MP: 4/4
  1233 | D:4      | Noticed a scorpion
  1238 | D:4      | Killed a scorpion
  1238 | D:4      | Reached ** piety under Trog
  1239 | D:4      | Reached skill level 5 in Fighting
  1239 | D:4      | Reached skill level 1 in Throwing
  1239 | D:4      | Reached XP level 5. HP: 48/48 MP: 5/5
  1345 | D:4      | Found a white marble altar of Elyvilon.
  1345 | D:4      | Found a broken altar of Ashenzari.
  1390 | D:4      | Noticed Blork the orc
  1390 | D:4      | You fall into a shaft and drop 3 floors!
  1396 | D:7      | Noticed a wyvern
  1404 | D:7      | Killed a wyvern
  1405 | D:7      | Reached skill level 4 in Armour
  1405 | D:7      | Reached XP level 6. HP: 57/57 MP: 6/6
  1481 | D:7      | Gained mutation: You regenerate magic and health when
                  | rolling toward enemies. (Rampage Regen) [Armataur growth]
  1481 | D:7      | Reached XP level 7. HP: 47/64 MP: 7/7
  1570 | D:6      | Reached skill level 5 in Armour
  1589 | D:6      | Found a snail-covered altar of Cheibriados.
  1676 | D:6      | Noticed Grinder
  1695 | D:6      | Paralysed by Grinder for 4 turns
  1705 | D:6      | Paralysed by Grinder for 3 turns
  1711 | D:6      | Paralysed by Grinder for 4 turns
  1724 | D:6      | Paralysed by Grinder for 2 turns
  1731 | D:6      | Killed Grinder
  1732 | D:6      | Reached skill level 6 in Armour
  1748 | D:6      | Found a sand-covered staircase.
  1756 | Ossuary  | Entered an ossuary
  1820 | Ossuary  | Reached skill level 1 in Stealth
  1925 | Ossuary  | Reached XP level 8. HP: 61/73 MP: 8/8
  2001 | D:6      | Gained mutation: You are dopey. (Int -2) [potion of
                  | mutation]
  2001 | D:6      | Gained mutation: You are occasionally teleported next to
                  | monsters. [potion of mutation]
  2001 | D:6      | Gained mutation: Your system is resistant to poisons.
                  | (rPois) [potion of mutation]
  2002 | D:6      | Lost mutation: You are occasionally teleported next to
                  | monsters. [potion of mutation]
  2002 | D:6      | Lost mutation: You are dopey. (Int -2) [potion of mutation]
  2002 | D:6      | Lost mutation: Your system is resistant to poisons. (rPois)
                  | [potion of mutation]
  2002 | D:6      | Gained mutation: You passively dampen the noise of your
                  | surroundings. [potion of mutation]
  2002 | D:6      | Gained mutation: You have large cloven feet. [potion of
                  | mutation]
  2008 | D:6      | Reached skill level 7 in Armour
  2169 | D:5      | Entered Level 5 of the Dungeon
  2170 | D:5      | Found Turgh's Antique Armour Boutique.
  2246 | D:5      | Reached skill level 8 in Armour
  2280 | D:5      | Noticed Menkaure
  2284 | D:5      | Killed Menkaure
  2328 | D:6      | Found the +8 trident of the Octopus King {venom, rElec
                  | rPois}
  2494 | D:5      | Found a staircase to the Ecumenical Temple.
  2502 | Temple   | Entered the Ecumenical Temple
  2608 | D:7      | Reached skill level 9 in Armour
  2634 | D:7      | Found a radiant altar of Vehumet.
  2710 | D:8      | Noticed Jeremiah
  2720 | D:8      | Killed Jeremiah
  2721 | D:8      | Reached XP level 9. HP: 77/82 MP: 9/9
  2734 | D:8      | Found a sacrificial altar of Ru.
  2735 | D:8      | Found a sparkling altar of Nemelex Xobeh.
  2783 | D:8      | Noticed Maggie
  2793 | D:8      | Killed Maggie
  2794 | D:8      | Reached skill level 10 in Armour
  3056 | D:8      | Found a staircase to the Lair.
  3056 | D:8      | Found Miec's Assorted Antiques.
  3056 | D:8      | Noticed Pikel
  3070 | D:8      | Killed Pikel
  3089 | D:8      | Bought 3 scrolls labelled EVAYL VECUJIV for 51 gold pieces
  3089 | D:8      | Bought a scroll labelled EVAYL VECUJIV for 17 gold pieces
  3089 | D:8      | Bought an ivory wand for 68 gold pieces
  3089 | D:8      | Bought a bone wand for 68 gold pieces
  3089 | D:8      | Bought a scroll of identify for 34 gold pieces
  3089 | D:8      | Bought a scroll of identify for 34 gold pieces
  3111 | Lair:1   | Entered Level 1 of the Lair of Beasts
  3120 | Lair:1   | Reached skill level 11 in Armour
  3129 | Lair:1   | Reached skill level 10 in Fighting
  3137 | Lair:1   | Noticed a komodo dragon
  3149 | Lair:1   | Killed a komodo dragon
  3150 | Lair:1   | Reached XP level 10. HP: 86/93 MP: 10/10
  3513 | Lair:2   | Noticed a black mamba
  3519 | Lair:2   | Killed a black mamba
  3591 | Lair:2   | Noticed a black mamba
  3592 | Lair:2   | Noticed a lindwurm
  3596 | Lair:2   | Killed a black mamba
  3597 | Lair:2   | Reached skill level 12 in Armour
  3598 | Lair:2   | Reached skill level 5 in Axes
  3600 | Lair:2   | Killed a lindwurm
  3679 | Lair:2   | Identified the +5 spear "Daumyni" {protect, rElec rPois rF-
                  | rCorr}
  3701 | Lair:2   | Reached XP level 11. HP: 87/102 MP: 11/11
  3757 | Lair:2   | Reached *** piety under Trog
  3781 | Lair:2   | Noticed a five-headed hydra
  3805 | Lair:2   | Reached skill level 13 in Armour
  3821 | Lair:2   | Noticed a death yak
  3827 | Lair:2   | Killed a death yak
  3942 | Lair:2   | Found a staircase to the Shoals.
  4186 | Lair:2   | Reached skill level 14 in Armour
  4215 | Lair:3   | Reached **** piety under Trog
  4313 | Lair:3   | Found a hole to the Spider Nest.
  4353 | Lair:4   | Noticed a lindwurm
  4359 | Lair:4   | Killed a lindwurm
  4405 | Lair:4   | Reached XP level 12. HP: 113/113 MP: 12/12
  4552 | Lair:5   | Entered Level 5 of the Lair of Beasts
  4669 | Lair:5   | Reached skill level 15 in Armour
  4823 | Lair:5   | Noticed a six-headed hydra
  4831 | Lair:5   | Killed a nine-headed hydra
  4894 | Lair:5   | Reached skill level 16 in Armour
  4894 | Lair:5   | Reached XP level 13. HP: 122/122 MP: 13/13
  4907 | Lair:5   | Found a viscous altar of Jiyva.
  4907 | Lair:5   | Found a staircase to the Slime Pits.
  4959 | Lair:5   | Reached ***** piety under Trog
  5160 | Lair:5   | Got an earthy gem with 1459 turns to spare
  5702 | Lair:1   | Upgraded the game from 0.31-a0-1354-g0f3f92e to
                  | 0.31-a0-1370-gf52a5a9
  5970 | D:9      | Identified a scroll of acquirement
  5993 | D:9      | Acquired the +0 barding "Faduh" {+Inv}
  6029 | D:9      | Reached skill level 1 in Evocations
  6131 | D:9      | Identified the +6 chain mail of Amnohoh {Int+2 Dex+3}
  6188 | D:9      | Found a flagged portal.
  6198 | Bailey   | Entered a bailey
  6231 | Bailey   | Received a gift from Trog
  6420 | Bailey   | Gained mutation: Your body sometimes deteriorates upon
                  | taking damage. [a neqoxec]
  6422 | Bailey   | Reached skill level 10 in Axes
  6516 | Bailey   | Found an iron altar of Okawaru.
  6748 | D:10     | Entered Level 10 of the Dungeon
  6867 | D:10     | Found a staircase to the Orcish Mines.
  6896 | D:10     | Found a bloodstained altar of Trog.
  7053 | D:10     | Found a shadowy altar of Dithmenos.
  7209 | D:11     | Received a gift from Trog
  7210 | D:11     | Reached skill level 5 in Evocations
  7363 | D:11     | Found a hazy altar of Hepliaklqana.
  7449 | D:11     | Found a runed translucent door.
  7449 | D:11     | Noticed rotlqkf's ghost (journeyman TrMo)
  7891 | D:12     | Noticed Kirke
  7907 | D:12     | Killed Kirke
  7908 | D:12     | Reached XP level 14. HP: 113/113 MP: 14/14
  7935 | D:12     | Found an ancient bone altar of Kikubaaqudgha.
  8002 | D:12     | Noticed Fannar
  8015 | D:12     | Killed Fannar
  8154 | D:12     | Noticed Snorg
  8165 | D:12     | Killed Snorg
  8477 | D:13     | Noticed Erolcha
  8485 | D:13     | Killed Erolcha
  8561 | D:14     | Found a gate to the Vaults.
  8691 | D:14     | Reached XP level 15. HP: 138/138 MP: 15/15
  8740 | D:13     | Found Luuroegg's Weapon Shoppe.
  8795 | D:14     | Received a gift from Trog
  8832 | D:15     | Entered Level 15 of the Dungeon
  9224 | D:15     | Noticed Rupert
  9233 | D:15     | Killed Rupert
  9234 | D:15     | Reached skill level 17 in Armour
  9252 | D:15     | Found a staircase to the Depths.
  9262 | D:15     | Got a smoky gem with 2610 turns to spare
  9959 | Orc:1    | Entered Level 1 of the Orcish Mines
 10024 | Orc:2    | Entered Level 2 of the Orcish Mines
 10252 | Orc:2    | Noticed wqsa789's ghost (journeyman DsFi)
 10304 | Orc:2    | Found Cuph's Antique Armour Shop.
 10308 | Orc:2    | Found a staircase to the Elven Halls.
 10314 | Orc:2    | Bought an ancient scale mail for 216 gold pieces
 10314 | Orc:2    | Identified the +6 scale mail of Itososur {+Blink} (You
                  | bought it in a shop on level 2 of the Orcish Mines)
 10325 | Orc:2    | Bought a fading chain mail for 228 gold pieces
 10325 | Orc:2    | Identified the +5 chain mail of the Bagpipe {Fly Dex+2}
                  | (You bought it in a shop on level 2 of the Orcish Mines)
 10392 | Orc:2    | Found a transporter.
 10529 | Orc:2    | Found Giheffip's Book Emporium.
 10529 | Orc:2    | Found Halyuc's Armour Boutique.
 10529 | Orc:2    | Found Vucom's Magic Scroll Shop.
 10529 | Orc:2    | Found Tideor's Antique Weapon Emporium.
 10538 | Orc:2    | Reached skill level 10 in Evocations
 10551 | Orc:2    | Reached XP level 16. HP: 147/147 MP: 8/16
 10560 | Orc:2    | Bought the +10 Black Knight's barding {ponderous, rPois
                  | rN+} for 697 gold pieces
 10560 | Orc:2    | Found the +10 Black Knight's barding {ponderous, rPois rN+}
 10631 | Orc:2    | Acquired 1149 gold pieces
 10633 | Orc:2    | Bought the +5 robe of Night {Dark Will+ SInv} for 660 gold
                  | pieces
 10633 | Orc:2    | Found the +5 robe of Night {Dark Will+ SInv}
 10684 | Orc:2    | Found a transporter.
 10796 | Orc:2    | Found a one-way gate to the infinite horrors of the Abyss.
 11053 | Orc:2    | Bought a runed broad axe for 238 gold pieces
 11244 | Shoals:1 | Entered Level 1 of the Shoals
 11277 | Shoals:1 | Received a gift from Trog
 11284 | Shoals:1 | Reached skill level 15 in Fighting
 11324 | Shoals:1 | Reached skill level 18 in Armour
 11455 | Shoals:1 | Identified the ring "Xoraomo" {rF+ Dex+6}
 11466 | Shoals:1 | Reached ****** piety under Trog
 11694 | Shoals:2 | Received a gift from Trog
 11825 | Shoals:2 | Found a frozen archway.
 11849 | Shoals:2 | Reached skill level 5 in Stealth
 11854 | IceCv    | Entered an ice cave
 12006 | Shoals:3 | Noticed Polyphemus
 12024 | Shoals:3 | Killed Polyphemus
 12129 | Shoals:4 | Entered Level 4 of the Shoals
 12220 | Shoals:4 | Reached skill level 19 in Armour
 12417 | Shoals:4 | Reached XP level 17. HP: 156/158 MP: 17/17
 12465 | Shoals:4 | Got an azure gem with 1064 turns to spare
 12465 | Shoals:4 | Got a barnacled rune of Zot
 12497 | Shoals:4 | Received a gift from Trog
 12505 | Shoals:4 | Identified the +1 plate armour of Edimnol {rElec rPois
                  | MP-9}
 12735 | Shoals:3 | Noticed a kraken
 12744 | Shoals:3 | Killed a kraken
 13264 | Spider:1 | Entered Level 1 of the Spider Nest
 13284 | Spider:1 | Identified the ring "Gekaff" {Int+6 Dex+2}
 13401 | Spider:3 | Identified the +7 battleaxe of Revolt {heavy, Str+5} (Trog
                  | gifted it to you on level 3 of the Spider Nest)
 13401 | Spider:3 | Received a gift from Trog
 13429 | Spider:3 | Reached skill level 20 in Armour
 13489 | Spider:4 | Entered Level 4 of the Spider Nest
 13713 | Spider:4 | Incinerated by a sun moth

Illustrated notes

Levels and vault maps discovered:
D:1:      psy_arrival_dodecagon, layout_loops_ring
D:2:      layout_basic, basic_altar, st_stairs_9, uniq_sigmund
D:3:      minmay_door_path, layout_basic, mainiacjoe_overflow_alcove_2,
          serial_shops, shop, uniq_terence
D:4:      layout_rooms, gammafunk_temple_overflow_wave, tgw_sif, uniq_ijyb,
          uniq_blork_the_orc
D:5:      layout_basic, minmay_temple_entry_large_hall, serial_shops,
          nicolae_shop_advertising_works [nicolae_subvault_shop_adworks],
          minivault_23, saegor_snake_ambush, uniq_menkaure
D:6:      layout_basic, slow_altar_1, nicolae_ossuary_entry_plus, uniq_grinder
D:7:      layout_basic, lemuel_round_altar
D:8:      layout_loops_ring, nicolae_overflow_squiral, serial_shops, shop,
          minmay_diamond_spiral, uniq_jeremiah, uniq_maggie, uniq_pikel
D:9:      layout_small_grid, enter_bailey_3, corner_web_ring,
          kennysheep_generic_room_13
D:10:     layout_irregular_city, overflow_temple_1_default,
          nicolae_dithmenos_the_darkroom, erik_orc_3
D:11:     minmay_evil_eye, layout_loops_corners, hellmonk_ghost_happy_afterlife,
          grunt_ministairs_3, nicolae_hepliaklqana_hippocampus
D:12:     layout_loops_cross, nicolae_kikubaaqudgha_miasma_corner, uniq_kirke,
          uniq_fannar, uniq_snorg
D:13:     layout_irregular_city, nicolae_take_the_stairs,
          amcnicky_mini_rare_corridor_liquid, uniq_josephine, uniq_erolcha
D:14:     layout_basic, erik_vaults_1, minmay_misc_feat_iff
D:15:     hangedman_depths_entry_civil_slaughter, layout_gridville,
          serial_park_paths [serial_park_minivault_5x5_8], uniq_rupert
Temple:   minmay_temple_forest_path
Lair:1:   layout_misc_corridors
Lair:2:   lemuel_reptile_caves, layout_chaotic_city,
          mainiacjoe_shoals_entry_four_pools, minmay_shattered_shrine,
          grunt_megastairs_3, lemuel_fruit_fields
Lair:3:   layout_chaotic_city, spider_nest_entry_a, ebering_ghost_funeral_grove,
          serial_bayou_pond_a, st_stairs_13, grunt_forest_stairs_clearing
Lair:4:   layout_regular_city, serial_bayou_shore_b
Lair:5:   minmay_lair_end_enchanted_forest, layout_loops_ring, slime_entry_1,
          chequers_serial_rivers_micro_d
Shoals:1: cheibrodos_shoals_roost, layout_shoals, serial_shops,
          nicolae_shop_hallway_plus, kb_tengu_band
Shoals:2: layout_shoals, portal_ice_cave_entry_pillars_2
Shoals:3: layout_shoals, uniq_polyphemus
Shoals:4: shoals_end_hangedman, layout_shoals, shoals_ilsuiw_alternative,
          nicolae_shoals_isolated_beach
Spider:1: layout_spider_delve
Spider:2: layout_spider_delve
Spider:3: layout_spider_delve
Spider:4: grunt_spider_rune_circles
Orc:1:    layout_diamond_mine
Orc:2:    st_orc_ogre_mass, layout_caves, serial_shops, shop,
          gammafunk_ghost_abyssal_escape

Skill      XL: |  1  2  3  4  5  6  7  8  9 10 11 12 13 14 15 16 17 |
---------------+----------------------------------------------------+-----
Fighting       | 3 4 5 6 7 8 10 11 12 13 14 15 16 | 16.7
Throwing       | 1 |  1.0
Armour         | 4 6 9 11 12 14 16 17 19 20 | 20.5
Stealth        | 1 2 4 6 |  6.0
Axes           | 3 5 7 8 10 11 12 13 14 | 14.2
Evocations     | 5 9 10 | 10.0
Dodging        | 3 |  3.0

Action                     |  1- 3 |  4- 6 |  7- 9 | 10-12 | 13-15 | 16-18 || total
---------------------------+-------+-------+-------+-------+-------+-------++-------
  Melee: Hand axe          |    69 |    36 |       |       |       |       ||   105
         Tailslap          |     4 |     5 |    29 |    32 |    97 |   106 ||   273
         Punch             |     4 |     1 |     4 |       |       |       ||     9
         Unarmed           |       |     1 |       |       |       |       ||     1
         Flail             |       |    21 |   158 |       |       |       ||   179
         Trident           |       |       |    91 |    13 |     9 |       ||   113
         Kick              |       |       |    28 |    90 |   198 |   212 ||   528
         Morningstar       |       |       |     3 |       |       |       ||     3
         Battleaxe         |       |       |       |   334 |   596 |   641 ||  1571
   Fire: Sling             |       |     1 |       |       |       |       ||     1
  Throw: Dart              |       |     4 |     1 |       |     2 |     1 ||     8
         Boomerang         |       |     5 |       |       |       |       ||     5
         Stone             |       |       |     2 |       |       |       ||     2
 Invoke: Berserk           |     2 |     3 |    10 |    12 |    12 |     7 ||    46
         Trog's Hand       |       |       |     1 |     3 |     8 |     6 ||    18
         Brothers in Arms  |       |       |       |       |       |     1 ||     1
Ability: Evoke Invisibilit |       |       |       |       |     3 |       ||     3
  Evoke: Wand              |       |       |       |     1 |     1 |    18 ||    20
    Use: Scroll            |     2 |     5 |    12 |    10 |     9 |     4 ||    42
         Potion            |       |     4 |     3 |     5 |     2 |     2 ||    16
   Stab: Paralysed         |       |       |       |     3 |       |     4 ||     7
         Distracted        |       |       |       |       |     1 |       ||     1
         Invisible         |       |       |       |       |    20 |       ||    20
         Sleeping          |       |       |       |       |       |    23 ||    23
 Armour: Scale mail        |    42 |   117 |   129 |       |       |       ||   288
         Skin              |       |    41 |       |       |       |       ||    41
         Chain mail        |       |       |    37 |       |   470 |     1 ||   508
         Ring mail         |       |       |    89 |   504 |   165 |       ||   758
         Robe              |       |       |       |       |       |  1179 ||  1179
  Dodge: Dodged            |    23 |    71 |   119 |   416 |   429 |   715 ||  1773
  Block: Other             |       |       |    15 |     8 |       |       ||    23

Table legend: (Time is in decaauts)
 A = Elapsed time spent in this place.
 B = Non-inter-level travel time spent in this place.
 C = Inter-level travel time spent in this place.
 D = Time resting spent in this place.
 E = Time spent auto-exploring this place.
 F = Levels seen in this place.
 G = Mean time per level.
                   A        B        C        D        E       F      G
               +--------+--------+--------+--------+--------+-----+--------+
         Total |  14673 |  12869 |   1804 |     56 |   2832 |  34 |  431.6 |
       Dungeon |   7163 |   6187 |    976 |     56 |   1313 |  15 |  477.5 |
        Temple |      1 |      1 |      0 |      0 |      0 |   1 |    1.0 |
          Lair |   3059 |   2628 |    431 |      0 |    488 |   5 |  611.8 |
        Shoals |   2117 |   1941 |    176 |      0 |    295 |   4 |  529.2 |
   Spider Nest |    485 |    467 |     18 |      0 |      0 |   4 |  121.2 |
  Orcish Mines |   1196 |    994 |    202 |      0 |    724 |   2 |  598.0 |
       Ossuary |    218 |    218 |      0 |      0 |     11 |   1 |  218.0 |
        Bailey |    427 |    427 |      0 |      0 |      0 |   1 |  427.0 |
      Ice Cave |      3 |      3 |      0 |      0 |      0 |   1 |    3.0 |
               +--------+--------+--------+--------+--------+-----+--------+

Top non-repeatable levels by time:
  Lair:5: 1080 daAuts
  Lair:2: 904 daAuts
    D:11: 876 daAuts
   Orc:2: 858 daAuts
    D:15: 764 daAuts
     D:3: 666 daAuts
     D:6: 646 daAuts
Shoals:3: 637 daAuts
    D:10: 606 daAuts
Shoals:4: 600 daAuts
     D:8: 588 daAuts
     D:9: 543 daAuts
Shoals:2: 523 daAuts
  Lair:1: 512 daAuts
  Bailey: 427 daAuts
